 Dungeon Crawl Stone Soup version 0.19.4-12-gccf7e64 (webtiles) character file.

177004 Morrissey the Brawler (level 17, -1/166 HPs)
             Began as a Troll Transmuter on Feb 27, 2017.
             Was the Champion of Okawaru.
             Killed from afar by a thorn hunter (43 damage)
             ... with a volley of thorns
             ... on level 2 of the Swamp.
             The game lasted 01:23:32 (31128 turns).

Morrissey the Brawler (Troll Transmuter)           Turns: 31128, Time: 01:23:33

Health: -1/166     AC: 31    Str: 22    XL:     17   Next: 52%
Magic:  15/22      EV: 15    Int:  9    God:    Okawaru [******]
Gold:   1791       SH: 21    Dex: 15    Spells: 1 memorised, 12 levels left

rFire  . . .     SeeInvis +       - Unarmed
rCold  + . .     Gourm    +     S - +0 storm dragon scales {Bai Suzhen}
rNeg   . . .     Faith    .     B - +1 shield {AC+3}
rPois  +         Spirit   .     a - +0 mask of the Dragon {MR+ Slay+3 SInv}
rElec  +         Reflect  +     D - +2 cloak {rPois}
rCorr  .         Harm     .     (gloves unavailable)
MR     ++...                    (boots unavailable)
Stlth  ..........               n - +6 amulet of reflection
                                I - +3 ring of protection
                                A - ring of protection from cold

@: heroism, finesse
A: unfitting armour, antennae 1, claws 3, icy blue scales 1, fast metabolism 3,
gourmand, regeneration 1, shaggy fur 1, tough skin 2
a: Heroism, Finesse, Renounce Religion


You were on level 2 of the Swamp.
You worshipped Okawaru.
Okawaru was exalted by your worship.
You were very full.

You visited 5 branches of the dungeon, and saw 28 of its levels.
You also visited: Sewer.

You collected 2977 gold pieces.
You spent 1186 gold pieces at shops.

Inventory:

Hand Weapons
 b - a +4 scimitar of flaming
Missiles
 w - 22 large rocks (quivered)
Armour
 a - the +0 mask of the Dragon (worn) {MR+ Slay+3 SInv}
   (You bought it in a shop on level 12 of the Dungeon)

   It affects your accuracy and damage with ranged weapons and melee attacks
   (+3).
   It affects your resistance to hostile enchantments.
   It lets you see invisible.
 e - the +4 fire dragon scales of Woapnypn {rF++ rC- rN+ Regen+ Str-5 Int+8}
   (Okawaru gifted it to you on level 2 of the Orcish Mines)

   It affects your strength (-5).
   It affects your intelligence (+8).
   It greatly protects you from fire.
   It makes you vulnerable to cold.
   It protects you from negative energy.
   It increases your rate of regeneration.
 B - a +1 shield of protection (worn)
 D - a +2 cloak of poison resistance (worn)
 S - +0 storm dragon scales (worn) {Bai Suzhen}
 T - the +0 robe of Dogma {rF++ MR+ Int-5 Dex+4}
   (Okawaru gifted it to you on level 11 of the Dungeon)

   It affects your intelligence (-5).
   It affects your dexterity (+4).
   It greatly protects you from fire.
   It affects your resistance to hostile enchantments.
Rods
 Z - a +5 iron rod (13/13)
   (You found it on level 12 of the Dungeon)
Jewellery
 h - an uncursed ring of protection from magic
 n - a +6 amulet of reflection (around neck)
 s - an uncursed amulet of magic regeneration
 A - a ring of protection from cold (left claw)
 I - a +3 ring of protection (right claw)
 M - an uncursed ring of protection from cold
 P - an uncursed ring of positive energy
Wands
 t - a wand of flame (27/48)
 E - a wand of acid (5/15)
 F - a wand of polymorph (9/24)
 J - a wand of lightning (8/15)
 N - a wand of digging (9/24)
 O - a wand of lightning (9/15)
 R - a wand of paralysis (9/24)
 Y - a wand of digging (8/24)
Scrolls
 g - 3 scrolls of recharging
 i - 17 scrolls of remove curse
 m - 7 scrolls of magic mapping
 r - 3 scrolls of fog
 y - 4 scrolls of amnesia
 C - 3 scrolls of fear
 H - a scroll of brand weapon
 K - 2 scrolls of enchant armour
Potions
 c - a potion of cancellation
 f - 2 potions of berserk rage
 l - 16 potions of curing
 o - 4 potions of invisibility
 q - a potion of agility
 v - 4 potions of brilliance
 x - 4 potions of flight
 z - a potion of ambrosia
 U - 2 potions of haste
 V - 2 potions of magic
Comestibles
 d - 15 bread rations
 j - a royal jelly
 k - 11 meat rations
 p - 15 fruits
 G - 4 beef jerkies
 L - 4 slices of pizza


   Skills:
 - Level 10.1(15.1) Fighting
 - Level 8.3(13.3) Throwing
 + Level 10.0(15.0) Armour
 + Level 12.0(17.0) Dodging
 + Level 11.1(16.1) Shields
 + Level 16.3(21.3) Unarmed Combat
 - Level 1.2 Spellcasting
 - Level 1.3 Transmutations
 - Level 8.0 Invocations


You had 12 spell levels left.
You knew the following spells:

 Your Spells              Type           Power        Failure   Level  Hunger
a - Statue Form           Tmut/Erth      #........    100%        6    #######


Dungeon Overview and Level Annotations

Branches:
Dungeon (14/15)            Temple (0/1) D:7            Lair (6/6) D:8
  Swamp (3/4) Lair:3        Snake (3/4) Lair:2        Slime (0/5) Lair:6
    Orc (2/2) D:12            Elf (0/3) Orc:2        Vaults (0/5) D:14

Altars:
Ashenzari
Cheibriados
Dithmenos
Gozag
Hepliaklqana
Kikubaaqudgha
Nemelex Xobeh
Okawaru
Qazlal
Trog
Uskayaw
Vehumet
The Shining One
Beogh
Jiyva

Shops:
D:4 [   D:12 *(}[   D:14 ?[   Orc:2 (=!?   Snake:3 ?

Annotations:
D:9 exclusion: ice statue


Innate Abilities, Weirdness & Mutations

You are too large for most types of armour.
You have claws for hands.
Your metabolism is lightning-fast.
You like to eat raw meat.
Your natural rate of healing is unusually fast.
You are covered in fur. (AC +1)
You have very tough skin. (AC +2)
You have a pair of small antennae on your head.
You are partially covered in icy blue scales. (AC +2)


Message History

The alligator appears confused.
There is a stone staircase leading up, spattered with blood here.
The spriggan rider is engulfed in noxious fumes.
The spriggan rider closely misses the thorn hunter.
The thorn hunter misses you. You block the thorn hunter's attack.
The alligator is engulfed in noxious fumes.
The spriggan rider is engulfed in noxious fumes.
You climb upwards.
There is a stone staircase leading down, spattered with blood here.
You gain the combat prowess of a mighty hero.
The thorn hunter fires a volley of thorns at you.
The volley of thorns hits you!
* * * LOW HITPOINT WARNING * * *
You scratch the thorn hunter.
The thorn hunter is moderately damaged.
The thorn hunter closely misses you. The thorn hunter completely misses you.
You can now deal lightning-fast blows.
The thorn hunter fires a volley of thorns at you.
The volley of thorns hits you!
You die...

..♣♣ ♣§♣≈≈.≈≈≈≈≈§.≈.♣
)≈≈♣♣♣♣≈.≈≈.♣≈.≈≈≈.≈≈♣
.≈≈.♣..≈≈≈≈.....≈≈≈..♣
.....≈≈≈......≈≈♣≈≈≈.♣
.♣♣♣<≈≈≈.........>≈.♣♣
♣♣♣...≈≈..♣♣....♣...♣
♣.♣≈≈..♣♣...♣.♣♣..♣
♣.≈≈..♣♣.♣≈≈≈.♣♣.♣♣
♣.≈≈≈♣...≈≈≈≈f@..♣
♣.≈≈≈§≈≈.≈≈≈≈≈≈♣.♣ ♣
♣.≈≈....≈.≈.≈≈...♣♣
♣♣♣.≈≈≈♣≈≈§§≈..♣....♣♣
....♣≈.♣≈≈§...♣♣♣.≈≈≈♣
≈≈≈....≈≈..≈.♣♣ ♣≈≈.♣♣
≈≈♣.♣.≈≈..♣.♣♣ ♣.≈≈.♣♣
≈≈....♣♣♣♣♣♣♣
♣♣≈♣♣.♣♣♣♣♣♣ ≈≈♣♣♣♣♣
♣≈♣♣...♣♣≈♣♣


You could see a thorn hunter.

Vanquished Creatures
  Bai Suzhen (Snake:3)
  A tentacled monstrosity (Swamp:1)
  Asterion (Snake:1)
  Gastronok (D:11)
  2 thorn hunters
  Roxanne (Swamp:1)
  Agnes (D:14)
  2 nagarajas
  The ghost of winWinterter the Timeless, a journeyman DsGl of Cheibriados (D:11)
  A fire dragon (Lair:6)
  8 naga warriors
  Fannar (Lair:3)
  Erolcha (D:10)
  9 hydras
  4 vault guards (D:14)
  A centaur warrior (D:13)
  A ghost crab (Swamp:2)
  5 anacondas
  6 alligators
  A death knight (D:14)
  5 orc high priests (Orc:2)
  2 tengu warriors (D:13)
  3 death yaks (Lair:3)
  A shock serpent (shapeshifter) (D:14)
  A naga sharpshooter (Snake:1)
  Urug (D:11)
  10 shock serpents
  Nergalle (D:11)
  Sonja (D:14)
  3 spriggans
  A spriggan druid (Swamp:3)
  5 skeletal warriors (D:12)
  A wizard (D:14)
  3 salamander mystics
  3 naga ritualists
  2 swamp dragons
  7 hill giants
  6 orc knights (Orc:2)
  7 mana vipers
  A shambling mangrove (Swamp:2)
  A wolf spider zombie (D:10)
  Pikel (D:7)
  A wolf spider (Lair:6)
  A lindwurm (Lair:6)
  12 ugly things
  2 orc sorcerers (Orc:2)
  4 cyclopes
  A deep elf mage (D:12)
  4 manticores (D:12)
  16 slime creatures
  8 salamanders
  4 centaur zombies
  9 elephants
  10 naga magi
  A guardian serpent (Lair:6)
  11 torpor snails
  26 spiny frogs
  20 black mambas
  A gargoyle (D:11)
  2 kobold demonologists
  An efreet (D:12)
  3 rime drakes
  7 komodo dragons
  2 ice devils (Lair:5)
  10 trolls
  2 hellwings (D:10)
  6 two-headed ogres
  A merfolk (D:8)
  11 tyrant leeches
  20 hornets
  24 blink frogs
  9 hippogriffs
  4 bog bodies
  Prince Ribbit (D:7)
  Grinder (D:5)
  A meliai zombie (D:10)
  A redback (Lair:6)
  Sigmund (D:5)
  3 water elementals (D:13)
  A redback (shapeshifter) (D:12)
  A shadow (Swamp:1)
  3 wraiths
  A vampire (D:12)
  13 wyverns
  3 basilisks
  12 yaks
  Grum (D:10)
  2 hogs (D:8)
  A hungry ghost (D:11)
  16 vampire mosquitoes
  Menkaure (D:7)
  16 insubstantial wisps
  4 wargs
  2 mottled dragons (D:12)
  24 nagas
  20 water moccasins
  2 soldier ants
  12 swamp worms
  4 porcupines
  52 orc warriors
  7 swamp drakes
  4 sky beasts
  16 black bears
  6 phantoms
  3 ice beasts
  2 necrophages
  3 eyes of draining
  9 ogres
  16 wolves
  15 centaurs
  19 crocodiles
  A big kobold (D:11)
  30 bullfrogs
  4 gnoll sergeants
  A wyvern zombie (D:10)
  2 wyvern skeletons
  3 scorpions
  9 killer bees
  11 electric eels
  3 howler monkeys
  5 crimson imps
  2 bullfrog zombies
  28 orc priests
  Crazy Yiuf (D:2)
  23 orc wizards
  A bullfrog skeleton (D:4)
  5 centaur skeletons
  5 hounds
  2 jellies (D:12)
  4 iguanas
  20 worker ants
  A hound zombie (D:11)
  2 hound skeletons
  Robin (D:2)
  18 gnolls
  27 adders
  2 river rats (Lair:6)
  9 shadow imps
  2 oozes
  6 worms
  6 leopard geckos
  105 orcs
  8 ball pythons
  6 giant cockroaches
  13 goblins
  4 hobgoblins
  18 jackals
  20 kobolds
  6 quokkas
  3 bats
  9 frilled lizards
  2 leopard gecko skeletons
  A quokka skeleton (D:4)
  3 rats
  A fungus (Lair:2)
  5 plants
1085 creatures vanquished.

Vanquished Creatures (others)
  A naga mage (Snake:2)
  2 slaves (D:7)
  3 centaurs
  A crimson imp (D:7)
  A shadow imp (D:14)
  3 orcs
  A leopard gecko skeleton (D:7)
  2 briar patches (Swamp:2)
  2 bushes
  18 fungi
  40 plants
  4 toadstools (D:1)
78 creatures vanquished.

Grand Total: 1163 creatures vanquished

Notes
Turn   | Place    | Note
-------+----------+-------------------------------------------
     0 | D:1      | Morrissey the Troll Transmuter began the quest for the Orb.
     0 | D:1      | Reached XP level 1. HP: 18/18 MP: 1/1
    63 | D:1      | Reached skill level 1 in Fighting
   153 | D:1      | Reached XP level 2. HP: 27/27 MP: 2/2
   707 | D:2      | Reached XP level 3. HP: 33/33 MP: 3/3
   849 | D:2      | Noticed Robin
   870 | D:2      | Killed Robin
   916 | D:2      | Reached skill level 4 in Unarmed Combat
   959 | D:2      | Found a runed door.
  1023 | D:2      | Reached XP level 4. HP: 34/41 MP: 4/4
  1340 | D:2      | Found a radiant altar of Vehumet.
  1344 | D:2      | Found a sparkling altar of Nemelex Xobeh.
  1585 | D:2      | Noticed Crazy Yiuf
  1589 | D:2      | Killed Crazy Yiuf
  1684 | D:3      | Found an opulent altar of Gozag.
  1897 | D:3      | Reached XP level 5. HP: 23/49 MP: 3/5
  2395 | D:4      | Noticed a phantom
  2441 | D:4      | Killed a phantom
  2441 | D:4      | Reached skill level 5 in Unarmed Combat
  2441 | D:4      | Reached XP level 6. HP: 40/59 MP: 4/6
  2489 | D:4      | Found a hide-covered altar of Uskayaw.
  2738 | D:4      | Found a shattered altar of Ashenzari.
  2747 | D:4      | Reached skill level 6 in Unarmed Combat
  2747 | D:4      | Reached XP level 7. HP: 66/67 MP: 7/7
  2754 | D:4      | Found Vifuuffagu's Antique Armour Shoppe.
  2988 | D:4      | Found a glowing drain.
  2998 | Sewer    | Entered a sewer
  3630 | D:5      | Entered Level 5 of the Dungeon
  3630 | D:5      | Noticed Grinder
  3641 | D:5      | Reached skill level 1 in Shields
  3655 | D:5      | Killed Grinder
  3655 | D:5      | Reached XP level 8. HP: 29/76 MP: 8/8
  3744 | D:5      | Found a glowing golden altar of the Shining One.
  3745 | D:5      | Found an iron altar of Okawaru.
  3759 | D:5      | Became a worshipper of Warmaster Okawaru
  3788 | D:5      | Reached skill level 7 in Unarmed Combat
  3792 | D:5      | Found an ancient bone altar of Kikubaaqudgha.
  3861 | D:5      | Found a shadowy altar of Dithmenos.
  4062 | D:5      | Noticed Sigmund
  4067 | D:5      | Killed Sigmund
  4067 | D:5      | Reached * piety under Okawaru
  4371 | D:6      | Reached skill level 8 in Unarmed Combat
  4417 | D:6      | Reached ** piety under Okawaru
  4702 | D:6      | Reached XP level 9. HP: 85/85 MP: 9/9
  4760 | D:6      | Reached skill level 5 in Dodging
  4808 | D:6      | Found a hazy altar of Hepliaklqana.
  5207 | D:7      | Noticed Prince Ribbit
  5219 | D:7      | Killed Prince Ribbit
  5219 | D:7      | Reached skill level 5 in Fighting
  5219 | D:7      | Reached skill level 9 in Unarmed Combat
  5271 | D:7      | Noticed Menkaure
  5278 | D:7      | Killed Menkaure
  5284 | D:7      | Found a staircase to the Ecumenical Temple.
  5305 | D:7      | Reached *** piety under Okawaru
  5444 | D:7      | Noticed a hill giant
  5455 | D:7      | Killed a hill giant
  5455 | D:7      | Reached skill level 10 in Unarmed Combat
  5455 | D:7      | Reached XP level 10. HP: 35/98 MP: 10/10
  5582 | D:7      | Noticed Pikel
  5595 | D:7      | Killed Pikel
  5701 | D:7      | Found a stormy altar of Qazlal.
  5731 | D:7      | Reached **** piety under Okawaru
  6615 | D:8      | Found a staircase to the Lair.
  7301 | D:8      | Received a gift from Okawaru
  7363 | D:8      | Reached skill level 5 in Shields
  7365 | D:8      | Reached skill level 11 in Unarmed Combat
  7493 | D:8      | Reached ***** piety under Okawaru
  7810 | D:8      | Found a sparkling altar of Nemelex Xobeh.
  7875 | D:8      | Reached XP level 11. HP: 78/107 MP: 11/11
  8229 | D:8      | Received a gift from Okawaru
  8273 | D:8      | Reached skill level 1 in Armour
  8885 | D:8      | Got a jewelled hunting sling
  8886 | D:8      | Identified the +9 hunting sling "Hyadit" {venom, rC+ MR+ Str+2 Stlth-} (You found it on level 8 of the Dungeon)
  9504 | D:9      | Found a bloodstained altar of Trog.
  9554 | D:9      | Found a snail-covered altar of Cheibriados.
  9838 | D:10     | Entered Level 10 of the Dungeon
  9908 | D:10     | Noticed a hill giant
  9915 | D:10     | Killed a hill giant
  9915 | D:10     | Reached skill level 12 in Unarmed Combat
 10058 | D:10     | Noticed Grum
 10078 | D:10     | Killed Grum
 10105 | D:10     | Noticed Erolcha
 10116 | D:10     | Killed Erolcha
 10271 | D:10     | Found a hazy altar of Hepliaklqana.
 10426 | D:10     | Reached XP level 12. HP: 101/119 MP: 12/12
 10880 | D:11     | Received a gift from Okawaru
 10881 | D:11     | Got a dull robe {god gift}
 10894 | D:11     | Identified the +0 robe of Dogma {rF++ MR+ Int-5 Dex+4} (Okawaru gifted it to you on level 11 of the Dungeon)
 10924 | D:11     | Noticed Urug
 10932 | D:11     | Killed Urug
 11421 | D:11     | Noticed Nergalle
 11430 | D:11     | Killed Nergalle
 11495 | D:11     | Reached skill level 13 in Unarmed Combat
 11518 | D:11     | Noticed winWinterter's ghost (journeyman DsGl)
 11554 | D:11     | Killed winWinterter's ghost
 11715 | D:11     | Noticed Gastronok
 11730 | D:11     | Killed Gastronok
 11730 | D:11     | Reached skill level 1 in Invocations
 11929 | D:12     | Found Powunag's Armour Boutique.
 11937 | D:12     | Bought the +0 mask of the Dragon {MR+ Slay+3 SInv} for 467 gold pieces
 11951 | D:12     | Found Emihaim's Gadget Boutique.
 12286 | D:11     | Reached skill level 1 in Throwing
 12385 | Lair:1   | Entered Level 1 of the Lair of Beasts
 12609 | Lair:1   | Received a gift from Okawaru
 12715 | Lair:1   | Noticed a four-headed hydra
 13325 | Lair:2   | Found a staircase to the Snake Pit.
 13389 | Lair:2   | Reached ****** piety under Okawaru
 13426 | Lair:2   | Reached XP level 13. HP: 101/128 MP: 13/13
 14314 | Lair:3   | Found a staircase to the Swamp.
 14381 | Lair:3   | Noticed Fannar
 14398 | Lair:3   | Killed Fannar
 14490 | Lair:3   | Reached skill level 5 in Armour
 14495 | Lair:3   | Received a gift from Okawaru
 15086 | Lair:4   | Found a snail-covered altar of Cheibriados.
 15944 | Lair:5   | Reached skill level 5 in Throwing
 16718 | D:12     | Reached skill level 5 in Invocations
 16728 | D:12     | Reached XP level 14. HP: 67/140 MP: 8/16
 17021 | D:12     | Found a staircase to the Orcish Mines.
 17260 | D:12     | Received a gift from Okawaru
 17339 | D:12     | Found Wisecs's Antique Weapon Shop.
 17367 | D:12     | Found Neman's Assorted Antiques.
 18812 | D:13     | Reached skill level 14 in Unarmed Combat
 18930 | D:14     | Noticed Agnes
 19192 | D:14     | Found Tukepp's Magic Scroll Boutique.
 19304 | D:14     | Killed Agnes
 19426 | D:14     | Received a gift from Okawaru
 19482 | D:14     | Noticed Sonja
 19489 | D:14     | Killed Sonja
 19501 | D:14     | HP: 3/140 [death knight/great mace of crushing (5)]
 19763 | Orc:1    | Entered Level 1 of the Orcish Mines
 20020 | Orc:2    | Entered Level 2 of the Orcish Mines
 20388 | Orc:2    | Found a roughly hewn altar of Beogh.
 20784 | Orc:2    | Reached XP level 15. HP: 121/148 MP: 19/19
 20793 | Orc:2    | Found a staircase to the Elven Halls.
 20847 | Orc:2    | Found a roughly hewn altar of Beogh.
 21190 | Orc:2    | Received a gift from Okawaru
 21192 | Orc:2    | Got sapphire-encrusted fire dragon scales {god gift}
 21718 | Orc:2    | Found Musemp's Distillery.
 21718 | Orc:2    | Found Jierunud's Magic Scroll Emporium.
 21719 | Orc:2    | Found Wirroagh's Jewellery Shoppe.
 21719 | Orc:2    | Found Eqap's Weapon Emporium.
 21730 | Orc:2    | Bought a potion of beneficial mutation for 455 gold pieces
 21730 | Orc:2    | Gained mutation: You are partially covered in icy blue scales. (AC +2) [potion of beneficial mutation]
 21741 | Orc:2    | Identified the +4 fire dragon scales of Woapnypn {rF++ rC- rN+ Regen+ Str-5 Int+8} (Okawaru gifted it to you on level 2 of the Orcish Mines)
 22994 | Lair:6   | Entered Level 6 of the Lair of Beasts
 23196 | Lair:6   | Found a runed door.
 23654 | Lair:6   | Received a gift from Okawaru
 23742 | Lair:6   | Found a viscous altar of Jiyva.
 23743 | Lair:6   | Found a staircase to the Slime Pits.
 23803 | Lair:6   | Reached skill level 10 in Fighting
 23803 | Lair:6   | Reached skill level 10 in Dodging
 24314 | Lair:6   | Received a gift from Okawaru
 24898 | D:14     | Gained mutation: You have a pair of small antennae on your head. [potion of beneficial mutation]
 24950 | D:14     | Received a gift from Okawaru
 24996 | D:14     | Found a gate to the Vaults.
 25036 | D:14     | Found Kuguor's Antique Armour Shoppe.
 25066 | D:14     | Found a roughly hewn altar of Beogh.
 25367 | Snake:1  | Entered Level 1 of the Snake Pit
 25491 | Snake:1  | Reached XP level 16. HP: 158/158 MP: 13/21
 25690 | D:12     | Bought a wand of teleportation (4/9) for 264 gold pieces
 25857 | Snake:1  | Noticed Asterion
 25867 | Snake:1  | Noticed an Executioner
 25882 | Snake:1  | Killed Asterion
 25904 | Snake:1  | Reached skill level 15 in Unarmed Combat
 26048 | Snake:1  | Received a gift from Okawaru
 26054 | Snake:1  | Got a crude scimitar {god gift}
 26055 | Snake:1  | Identified the +7 scimitar of Dismay {slice, rC+ MP+9 Str+2 Dex+3} (Okawaru gifted it to you on level 1 of the Snake Pit)
 26868 | Snake:2  | Received a gift from Okawaru
 26892 | Snake:2  | Reached skill level 10 in Shields
 28069 | Snake:3  | Found Vociysac's Magic Scroll Emporium.
 28075 | Snake:3  | Noticed Bai Suzhen
 28094 | Snake:3  | Killed Bai Suzhen
 28543 | Swamp:1  | Entered Level 1 of the Swamp
 28620 | Swamp:1  | Noticed Roxanne
 28648 | Swamp:1  | Killed Roxanne
 28648 | Swamp:1  | Received a gift from Okawaru
 28721 | Swamp:1  | Learned a level 6 spell: Statue Form
 28760 | Swamp:1  | Identified a scroll of acquirement
 28796 | Swamp:1  | Reached XP level 17. HP: 154/166 MP: 22/22
 28812 | Swamp:1  | Received a gift from Okawaru
 29280 | Swamp:1  | Reached skill level 16 in Unarmed Combat
 29300 | Swamp:1  | Found a runed door.
 29300 | Swamp:1  | Noticed a tentacled monstrosity
 29534 | Swamp:1  | Killed a tentacled monstrosity
 30866 | Swamp:3  | Reached skill level 10 in Armour
 31128 | Swamp:2  | Killed from afar by a thorn hunter

Skill      XL: |  1  2  3  4  5  6  7  8  9 10 11 12 13 14 15 16 17 |
---------------+----------------------------------------------------+-----
Fighting       | 1 2 3 4 5 6 7 8 9 10 | 10.1
Dodging        | 2 3 4 5 6 7 8 9 10 11 12 | 12.0
Unarmed Combat | 4 5 6 8 10 11 12 13 14 15 16 | 16.3
Shields        | 1 3 4 5 6 7 8 9 10 11 | 11.1
Armour         | 2 4 5 6 7 9 10 | 10.0
Invocations    | 2 5 7 8 |  8.0
Throwing       | 2 5 7 8 |  8.3
Spellcasting   | |  1.2
Transmutations | |  1.3

Action                   |  1- 3 |  4- 6 |  7- 9 | 10-12 | 13-15 | 16-18 || total
-------------------------+-------+-------+-------+-------+-------+-------++-------
Melee: Unarmed           |   104 |   157 |   372 |   843 |  1750 |   994 ||  4220
       Kick              |     1 |     2 |       |       |       |       ||     3
       Punch             |     1 |       |       |       |       |       ||     1
       Headbutt          |     1 |       |       |       |       |       ||     1
       Scimitar          |       |       |       |       |    23 |    14 ||    37
 Fire: Hunting sling     |       |       |       |     3 |       |       ||     3
Throw: Large rock        |       |       |       |     2 |    22 |    20 ||    44
 Cast: Beastly Appendage |     5 |     2 |       |       |       |       ||     7
Invok: Heroism           |       |       |       |     1 |    11 |     4 ||    16
       Finesse           |       |       |       |     1 |     9 |     4 ||    14
Evoke: Wand              |       |       |       |    14 |    10 |     5 ||    29
       Rod               |       |       |       |       |       |     2 ||     2
  Use: Scroll            |       |       |       |    21 |    19 |    10 ||    50
       Potion            |       |       |       |       |    11 |     5 ||    16
 Stab: Sleeping          |     1 |       |       |     4 |     3 |       ||     8
       Distracted        |       |       |       |       |     3 |       ||     3
       Confused          |       |       |       |       |       |     1 ||     1
  Eat: Chunk             |    15 |    16 |    27 |    76 |   110 |    54 ||   298
Armor: Robe              |    30 |    46 |    73 |    69 |   118 |       ||   336
       Troll leather arm |       |       |       |    94 |       |       ||    94
       Fire dragon scale |       |       |       |       |   154 |   131 ||   285
       Skin              |       |       |       |       |     5 |       ||     5
       Storm dragon scal |       |       |       |       |       |   192 ||   192
Dodge: Dodged            |    54 |    62 |   100 |   289 |   554 |   284 ||  1343
Block: Other             |     6 |    34 |     2 |       |       |       ||    42
       Reflection        |       |     2 |     9 |    25 |    46 |    37 ||   119
       Shield            |       |       |   265 |   600 |  1248 |   848 ||  2961
       Rpst.: Scimitar   |       |       |       |       |     4 |     2 ||     6
